 Dungeon Crawl Stone Soup version 0.28-a0-1594-ga885d4b (webtiles) character file.

Game seed: 4817432680844866891

228 PidgeyThePirate the Chopper (level 5, -5/44 HPs)
             Began as a Demigod Fighter on Jan 20, 2022.
             Slain by Ijyb (10 damage)
             ... on level 3 of the Dungeon.
             The game lasted 00:06:39 (2924 turns).

PidgeyThePirate the Chopper (Demigod Fighter)       Turns: 2924, Time: 00:06:39

Health: -5/44      AC:  7    Str: 21    XL:     5   Next: 42%
Magic:  16/16      EV:  9    Int: 10    God:
Gold:   144        SH:  5    Dex: 19    Spells: 4/4 levels left

rFire   + . .      SeeInvis .   a - +1 war axe
rCold   + . .      Faith    .   c - +0 buckler
rNeg    . . .      Spirit   .   b - +0 scale mail
rPois   +          Reflect  .   (no helmet)
rElec   +          Harm     .   p - +0 cloak
rCorr   +          Rampage  .   (no gloves)
Will    .....                   (no boots)
Stlth   ..........              (no amulet)
HPRegen 0.14/turn               e - ring of magical power
MPRegen 0.15/turn               h - ring of Winter {rElec Dex+6}

@: resistant, attractive
A: high mp 1, forlorn, divine attributes
a: no special abilities


You were on level 3 of the Dungeon.
You visited 1 branch of the dungeon, and saw 5 of its levels.

You collected 144 gold pieces.

Inventory:

Hand Weapons
 a - a +1 war axe (weapon)
Armour
 b - a +0 scale mail (worn)
 c - a +0 buckler (worn)
 p - a +0 cloak (worn)
Jewellery
 e - a ring of magical power (left hand)
 h - the ring of Winter (right hand) {rElec Dex+6}
   (You found it on level 2 of the Dungeon)

   [ring of dexterity]

   Dex:       It affects your dexterity (+6).
   rElec:     It insulates you from electricity.
 k - a ring of ice
 l - a ring of protection from fire
Scrolls
 g - a scroll of fear {unknown}
 n - a scroll of immolation {unknown}
 o - a scroll of brand weapon {unknown}


   Skills:
 - Level 2.9 Fighting
 + Level 5.1 Axes
 - Level 3.0 Armour
 - Level 2.9 Shields


You had 4 spell levels left.
You didn't know any spells.
Your spell library contained the following spells:

 Spells                   Type           Power      Damage    Failure   Level
 Gell's Gravitas          Tloc           0%         N/A       99%         3
 Lesser Beckoning         Tloc           0%         N/A       99%         3
 Teleport Other           Tloc           0%         N/A       99%         3


Dungeon Overview and Level Annotations

Branches:
Dungeon (5/15)
 Temple: D:4-7

Shops:
D:5 =

Annotations:
D:3 Ijyb


Innate Abilities, Weirdness & Mutations

You have an increased reservoir of magic. (+10% MP)
You shall have no god before yourself.
Your divine heritage dramatically boosts your attributes as you level up.


Message History

Ijyb barely misses you. The orc wizard barely misses you.
An orc comes into view. It is wielding a +0 dagger.
You hit Ijyb but do no damage.
Ijyb is moderately wounded.
The orc shouts!
You block Ijyb's attack. Ijyb hits you with a +6 club.
* * * LOW HITPOINT WARNING * * *
You hit Ijyb.
Ijyb is heavily wounded.
Ijyb barely misses you.
An orc comes into view. It is wielding a +0 falchion.
It was a potion of resistance.
You feel protected.
The orc shouts! x2
Ijyb hits you with a +6 club.
* * * LOW HITPOINT WARNING * * *
It was a potion of heal wounds.
You feel much better.
The orc shouts!
You hear a shout!
An orc comes into view. It is wielding a +0 flail.
Ijyb hits you with a +6 club!
* * * LOW HITPOINT WARNING * * *
Okay, then.
You see here an adder corpse.
There is a stone staircase leading down, spattered with blood here.
Things that are here:
a +0 club; 8 poisoned darts Ijyb zaps a wand.
The mass of ice explodes!
Ijyb screams, "Die!"
Ijyb zaps a wand.
The mass of ice explodes!
Ijyb zaps a wand.
The mass of ice explodes!
The iceblast engulfs you! You partially resist.
* * * LOW HITPOINT WARNING * * *
You hear a shout!
You flicker for a moment.
You flicker back into view.
It was a potion of attraction.
You feel attractive to monsters. Ijyb is attracted toward you.
The orc is attracted toward you. Ijyb hits you with a +6 club!
You die...

#..####
#.....#
##.##§#
#.##.#
#.##§#
#.##.#
#.##o#
#.##g#
#. #@#
#.# #.#
#.# #.#
#.# #..
###


You could see Ijyb and an orc.

Vanquished Creatures
  A howler monkey (D:4)
  A hound (D:3)
  A bullfrog skeleton (D:4)
  Robin (D:3)
  A howler monkey skeleton (D:4)
  4 adders
  An adder skeleton (D:5)
  2 worms
  3 orcs (D:3)
  3 ball pythons (D:1)
  2 endoplasms
  3 giant cockroaches
  12 goblins
  6 hobgoblins
  2 jackals (D:2)
  5 kobolds
  A quokka (D:2)
  8 bats
  2 frilled lizards (D:1)
  7 rats
66 creatures vanquished.

Vanquished Creatures (others)
  3 plants
3 creatures vanquished.

Grand Total: 69 creatures vanquished

Notes
Turn   | Place    | Note
-------+----------+-------------------------------------------
     0 | D:1      | PidgeyThePirate the Demigod Fighter began the quest for the
                  | Orb.
     0 | D:1      | Reached XP level 1. HP: 18/18 MP: 3/3
   319 | D:1      | Reached skill level 2 in Axes
   320 | D:1      | Reached XP level 2. HP: 23/25 MP: 4/4
   848 | D:2      | Identified the ring of Winter {rElec Dex+6}
   958 | D:2      | Reached XP level 3. HP: 30/30 MP: 5/5
  1615 | D:3      | Noticed Robin
  1631 | D:3      | Killed Robin
  1632 | D:3      | Reached skill level 3 in Axes
  1637 | D:3      | HP: 1/30 [orc (4)]
  2221 | D:3      | You fall into a shaft and drop 2 floors!
  2221 | D:5      | Entered Level 5 of the Dungeon
  2297 | D:5      | Found Hoag's Jewellery Emporium.
  2330 | D:4      | Reached XP level 4. HP: 30/37 MP: 6/6
  2347 | D:4      | Reached skill level 4 in Axes
  2746 | D:4      | Noticed an ogre
  2748 | D:4      | Reached XP level 5. HP: 38/44 MP: 7/7
  2887 | D:3      | Noticed Ijyb
  2894 | D:3      | Reached skill level 5 in Axes
  2901 | D:3      | HP: 2/44 [Ijyb (2)]
  2924 | D:3      | Slain by Ijyb

Illustrated notes

Levels and vault maps discovered:
D:1:      eino_arrival_water_cross, layout_rooms, minmay_bisected
D:2:      layout_basic, basic_ecumenical_altar
D:3:      layout_loops_ring, nzn_wu_jian_council_hall, uniq_ijyb, uniq_robin
D:4:      layout_loops_cross, nicolae_uskayaw_dance_hall,
          mainiacjoe_overflow_large_starburst, serial_shops, shop,
          amcnicky_mini_pool_small
D:5:      layout_loops_ring, serial_bayou, serial_bayou_shore_a,
          serial_bayou_pond_e, serial_bayou_lake_a, serial_bayou_pond_c,
          nicolae_stop_n_shop_2, chequers_serial_rivers_micro_e

Skill      XL: |  1  2  3  4  5 |
---------------+----------------+-----
Axes           | 2 3 4 5 |  5.1
Armour         | 3 |  3.0
Fighting       | |  2.9
Shields        | |  2.9

Action                   |  1- 3 |  4- 6 || total
-------------------------+-------+-------++-------
Melee: War axe           |   136 |    42 ||   178
  Use: Potion            |     1 |     4 ||     5
       Scroll            |       |     1 ||     1
 Stab: Invisible         |       |     2 ||     2
Armor: Scale mail        |    78 |    14 ||    92
Dodge: Dodged            |    64 |    27 ||    91
Block: Buckler           |    38 |    21 ||    59

Table legend: (Time is in decaauts)
 A = Elapsed time spent in this place.
 B = Non-inter-level travel time spent in this place.
 C = Inter-level travel time spent in this place.
 D = Time resting spent in this place.
 E = Time spent auto-exploring this place.
 F = Levels seen in this place.
 G = Mean time per level.
                   A        B        C        D        E       F      G
               +--------+--------+--------+--------+--------+-----+--------+
         Total |   2995 |   2945 |     50 |      0 |   2119 |   5 |  599.0 |
       Dungeon |   2995 |   2945 |     50 |      0 |   2119 |   5 |  599.0 |
               +--------+--------+--------+--------+--------+-----+--------+

Top non-repeatable levels by time:
     D:2: 963 daAuts
     D:3: 696 daAuts
     D:1: 662 daAuts
     D:4: 566 daAuts
     D:5: 106 daAuts
